 Dungeon Crawl Stone Soup version 0.28.0-62-gf88900778d (webtiles) character file.

Game seed: 5359106551221080890

247 Gumption the Sneak (level 5, -15/24 HPs)
             Began as a Spriggan Enchanter on Nov 17, 2023.
             Killed from afar by Dowan (22 damage)
             ... with a shard of ice
             ... on level 4 of the Dungeon.
             The game lasted 00:55:47 (7635 turns).

Gumption the Sneak (Spriggan Enchanter)             Turns: 7635, Time: 00:55:50

Health: -15/24     AC:  2    Str:  4    XL:     5   Next: 85%
Magic:  2/11       EV: 18    Int: 18    God:
Gold:   169        SH:  0    Dex: 16    Spells: 3/11 levels left

rFire   . . .      SeeInvis +   a - +1 dagger
rCold   . . .      Faith    .   (no shield)
rNeg    . . .      Spirit   .   b - +0 robe
rPois   .          Reflect  .   (helmet restricted)
rElec   .          Harm     .   m - scarf {repulsion}
rCorr   .          Rampage  .   (gloves unavailable)
Will    .....                   (boots unavailable)
Stlth   +++.......              (no amulet)
HPRegen 0.08/turn               n - ring of wizardry
MPRegen 0.12/turn               (no ring)

@: repel missiles, very quick
A: very small, no large weapons, unfitting armour, see invisible, speed 3
a: no special abilities


You were on level 4 of the Dungeon.
You visited 1 branch of the dungeon, and saw 4 of its levels.

You collected 169 gold pieces.

Inventory:

Hand Weapons
 a - a +1 dagger (weapon)
Missiles
 f - 5 boomerangs (quivered)
Armour
 b - a +0 robe (worn)
 m - a scarf of repulsion (worn)
Jewellery
 n - a ring of wizardry (left hand)
Wands
 p - a wand of flame (1)
Scrolls
 d - a scroll of enchant weapon {unknown}
 k - a scroll of silence {unknown}
 l - a scroll of teleportation
 o - a scroll of fear
Potions
 c - a potion of invisibility
 e - a potion of cancellation
 g - 2 potions of heal wounds
 j - a potion of flight


   Skills:
 - Level 1.1 Short Blades
 + Level 4.1 Dodging
 + Level 5.6 Stealth
 + Level 3.6 Spellcasting
 * Level 5.3 Hexes
 * Level 2.2 Ice Magic


You had 3 spell levels left.
You knew the following spells:

 Your Spells              Type           Power      Damage    Failure   Level
a - Ensorcelled Hibernat  Hex/Ice        32%        N/A       1%          2
b - Confusing Touch       Hex            22%        N/A       1%          3
c - Dazzling Flash        Conj/Hex       24%        N/A       6%          3

Your spell library contained the following spells:

 Spells                   Type           Power      Damage    Failure   Level
 Tukima's Dance           Hex            22%        N/A       1%          3
 Animate Skeleton         Necr           6%         N/A       6%          1
 Apportation              Tloc           6%         N/A       6%          1
 Sting                    Tmut/Pois      12%        1d3       6%          1
 Summon Small Mammal      Summ           12%        N/A       6%          1
 Ozocubu's Armour         Ice            11%        N/A       8%          3
 Poisonous Vapours        Pois/Air       6%         N/A       10%         2
 Metabolic Englaciation   Hex/Ice        8%         N/A       32%         5
 Olgreb's Toxic Radiance  Pois           3%         N/A       50%         4
 Simulacrum               Ice/Necr       3%         N/A       99%         6


Dungeon Overview and Level Annotations

Branches:
Dungeon (4/15)
 Temple: D:4-7

Altars:

Annotations:
D:2 Sigmund
D:4 Dowan


Innate Abilities, Weirdness & Mutations

You are very small and have problems with some larger weapons.
You are too small for most types of armour.
You have supernaturally acute eyesight. (SInv)
You cover ground extremely quickly. (Speed+++)


Message History

Duvessa easily resists.
Casting: Ensorcelled Hibernation (safe; 1% risk of failure)
Confirm with . or Enter, or press ? or * to list all spells.
Aiming: Ensorcelled Hibernation (safe; 1% risk of failure)
Press: ? - help, Shift-Dir - straight line, f/p - Duvessa
Aim: Duvessa, wielding a +0 short sword, wearing a +0 chain mail and quivering poisoned darts (moderately wounded, chance to affect: 32%) Duvessa easily resists.
Duvessa hits you with a +0 short sword!
Casting: Ensorcelled Hibernation (safe; 1% risk of failure)
Confirm with . or Enter, or press ? or * to list all spells.
Aiming: Ensorcelled Hibernation (safe; 1% risk of failure)
Press: ? - help, Shift-Dir - straight line, f/p - Duvessa
Aim: Duvessa, wielding a +0 short sword, wearing a +0 chain mail and quivering poisoned darts (moderately wounded, chance to affect: 32%) Duvessa looks drowsy...
Dowan casts a spell.
Dowan blinks!
The helpless Duvessa fails to defend herself.
You impale Duvessa!!
Duvessa is almost dead.
Duvessa completely misses you. Dowan closely misses you.
Casting: Ensorcelled Hibernation (safe; 1% risk of failure)
Confirm with . or Enter, or press ? or * to list all spells.
The spell is quite dangerous to miscast (6% risk of failure)!
Continue anyway?
Casting: Dazzling Flash (quite dangerous; 6% risk of failure)
Press: ? - help, Dir - look around, f - activate Dowan is dazzled.
Duvessa is dazzled.
Duvessa misses you. Dowan closely misses you.
You barely miss Duvessa.
Duvessa is almost dead.
Dowan barely misses you.
Duvessa shouts!
Duvessa hits you with a +0 short sword!
* * * LOW HITPOINT WARNING * * *
You catch the helpless Duvessa completely off-guard!
You hit Duvessa.
You kill Duvessa!
Dowan's eyes darken. "You have made a black mistake."
Dowan points at you and mumbles some strange words.
The shard of ice hits you!!
Ouch! That really hurt!
You die...

#.....###......#...####...
##.....##......###..#.....
##.......#....###..##....
##.....###....##........
#.................##...
###....#.................
###.#....#..##.......##....
#...!.....
###........e..........###...
##..#....##..##.......#...
#####....#...##........##
###..#...#####......#
##....## ##...... ##.###
#......


You could see Dowan (blind).

Vanquished Creatures
  Duvessa (D:4)
  A scorpion (D:4)
  An iguana (D:4)
  An orc wizard (D:2)
  A hound skeleton (D:4)
  2 adders
  An adder skeleton (D:4)
  5 worms
  A dart slug (D:4)
  5 orcs
  5 ball pythons
  8 endoplasms
  3 giant cockroaches
  7 goblins
  13 hobgoblins
  4 quokkas
  4 bats
  2 frilled lizards
  7 kobolds
  7 rats
79 creatures vanquished.

Notes
Turn   | Place    | Note
-------+----------+-------------------------------------------
     0 | D:1      | Gumption the Spriggan Enchanter began the quest for the
                  | Orb.
     0 | D:1      | Reached XP level 1. HP: 9/9 MP: 5/5
   632 | D:1      | Reached XP level 2. HP: 13/13 MP: 6/6
   635 | D:1      | Learned a level 2 spell: Ensorcelled Hibernation
  2116 | D:2      | Reached skill level 1 in Ice Magic
  2116 | D:2      | Reached XP level 3. HP: 14/16 MP: 3/8
  2464 | D:2      | Found a faded altar of an unknown god.
  2610 | D:2      | Learned a level 3 spell: Confusing Touch
  2614 | D:2      | Learned a level 3 spell: Dazzling Flash
  2623 | D:2      | Noticed Sigmund
  2903 | D:2      | Reached skill level 5 in Stealth
  2903 | D:2      | Reached XP level 4. HP: 21/21 MP: 9/9
  5657 | D:4      | Noticed a scorpion
  5827 | D:4      | Reached XP level 5. HP: 24/24 MP: 6/11
  5924 | D:4      | Noticed Duvessa
  5975 | D:4      | Reached skill level 5 in Hexes
  6307 | D:4      | Noticed Dowan
  7635 | D:4      | Killed Duvessa
  7635 | D:4      | Killed from afar by Dowan

Illustrated notes

Levels and vault maps discovered:
D:1:      nzn_arrival_depleted_hourglass, layout_loops_ring, serial_bayou_pond_d
D:2:      minmay_evil_eye, layout_basic, hellmonk_ecumenical_altar_lost_god,
          kennysheep_generic_room_12, uniq_sigmund
D:3:      layout_loops_corners, minmay_goblin_kobold_house
D:4:      layout_cave_pools, minmay_misc_feat_rows, uniq_duvessa

Skill      XL: |  1  2  3  4  5 |
---------------+----------------+-----
Hexes          | 4 5 |  5.3
Dodging        | 3 4 |  4.1
Spellcasting   | 3 |  3.6
Ice Magic      | 1 2 |  2.2
Stealth        | 5 |  5.6
Short Blades   | |  1.1

Action                   |  1- 3 |  4- 6 || total
-------------------------+-------+-------++-------
Melee: Dagger            |    56 |   101 ||   157
       Punch             |     2 |     1 ||     3
Throw: Boomerang         |    31 |     1 ||    32
 Cast: Ensorcelled Hiber |    12 |    66 ||    78
       Confusing Touch   |       |     7 ||     7
       Dazzling Flash    |       |     1 ||     1
  Use: Scroll            |       |     7 ||     7
 Stab: Sleeping          |    18 |    42 ||    60
       Distracted        |     1 |       ||     1
       Confused          |       |     4 ||     4
       Invisible         |       |     1 ||     1
Armor: Robe              |     5 |     5 ||    10
Dodge: Dodged            |    31 |    80 ||   111
       Repelled          |       |     1 ||     1
